 Dungeon Crawl Stone Soup version 0.20.1-1-g8b1a95d (webtiles) character file.

10509 VirginKiller the Grappler (level 11, -14/79 HPs)
             Began as a Demigod Skald on Oct 9, 2017.
             Shot with an arrow by a deep elf archer (21 damage)
             ... on level 10 of the Dungeon.
             The game lasted 01:14:04 (8918 turns).

VirginKiller the Grappler (Demigod Skald)           Turns: 8918, Time: 01:14:05

Health: -14/79     AC: 10    Str: 20    XL:     11   Next: 15%
Magic:  14/22      EV: 12    Int: 21    God:
Gold:   515        SH:  0    Dex: 17    Spells: 9/20 levels left

rFire    + . .     SeeInvis .     - Unarmed
rCold    . . .     Gourm    .   (no shield)
rNeg     . . .     Faith    .   l - +0 leather armour {rF+}
rPois    .         Spirit   .   M - +1 helmet
rElec    .         Reflect  .   o - +0 cloak
rCorr    .         Harm     .   r - +2 pair of gloves
MR       +....                  z - +0 pair of boots
Stlth    +.........             n - amulet of regeneration
Regen    0.7/turn               y - +4 ring of intelligence
MPRegen  0.2/turn               L - +2 ring of dexterity

@: infused, slowed, very slow
A: high mp 1
a: no special abilities


You were on level 10 of the Dungeon.
You were hungry.

You visited 1 branch of the dungeon, and saw 10 of its levels.
You visited the Abyss 1 time.
You also visited: Sewer.

You collected 550 gold pieces.
You spent 35 gold pieces at shops.

Inventory:

Hand Weapons
 a - a +0 blowgun
Missiles
 j - 11 tomahawks (quivered)
 v - 15 javelins
 D - 90 arrows
 G - 36 poisoned needles
 R - 6 javelins of penetration
Armour
 l - a +0 leather armour of fire resistance (worn)
 o - a +0 cloak (worn)
 r - a +2 pair of gloves (worn)
 z - a +0 pair of boots (worn)
 M - a +1 helmet (worn)
Magical Staves
 P - an uncursed staff of poison {unknown}
Jewellery
 n - an amulet of regeneration (around neck)
 y - a +4 ring of intelligence (left hand)
 C - an uncursed ring of see invisible
 L - a +2 ring of dexterity (right hand)
 N - an uncursed ring of protection from fire
 S - an uncursed ring of wizardry {unknown}
Wands
 s - a wand of lightning (0/15)
 w - a wand of digging (8/24)
 A - a wand of confusion (14/48)
 J - a wand of scattershot (1/9)
 Q - a wand of polymorph (8/24)
 T - a wand of iceblast (9/15)
Scrolls
 e - 2 scrolls of immolation
 k - 4 scrolls of blinking
 p - 2 scrolls of teleportation
 x - 2 scrolls of remove curse
 O - a scroll of holy word {unknown}
Potions
 b - a potion of agility
 d - a potion of cancellation
 h - a potion of degeneration {unknown}
 i - 3 potions of magic
 m - a potion of might
 t - a potion of brilliance
 B - a potion of heal wounds
 E - 2 potions of curing
 F - 2 potions of haste
 H - a potion of resistance
Books
 g - a book of Changes

   Spells                             Type                      Level
   a - Beastly Appendage              Transmutation                1
   b - Sticks to Snakes               Transmutation                2
   c - Spider Form                    Transmutation/Poison         3
   d - Ice Form                       Ice/Transmutation            4
   e - Blade Hands                    Transmutation                5
Comestibles
 c - 4 bread rations
 f - 18 royal jellies
 u - 4 meat rations
 I - 8 chunks of flesh
 K - 3 fruits


   Skills:
 - Level 1.7 Fighting
 - Level 0.8 Armour
 - Level 1.7 Dodging
 * Level 14.2 Unarmed Combat
 - Level 5.0 Spellcasting
 - Level 6.0 Charms


You had 9 spell levels left.
You knew the following spells:

 Your Spells              Type           Power        Failure   Level  Hunger
a - Infusion              Chrm           ####         1%          1    None
b - Song of Slaying       Chrm           ####....     1%          2    None
c - Shroud of Golubria    Chrm/Tloc      ###.......   5%          2    None
d - Regeneration          Chrm/Necr      ###.......   11%         3    ##.....
e - Beastly Appendage     Tmut           #.....       13%         1    None
f - Sticks to Snakes      Tmut           #.......     19%         2    None


Dungeon Overview and Level Annotations

Branches:
Dungeon (10/15)            Temple (0/1) D:7            Lair (0/6) D:8
    Orc: D:9-12

Shops:
D:9 %=(*   D:10 =


Innate Abilities, Weirdness & Mutations

You have an increased reservoir of magic. (+10% MP)


Message History

The deep elf archer shoots an arrow.
The arrow hits your ball python!!
Your ball python dies!
You swap places.
The deep elf archer shoots an arrow.
The arrow hits you!!
You see here an arrow.
Your ball python barely misses the deep elf archer.
Your ball python misses the deep elf archer.
The deep elf archer blinks!
You see here an arrow.
The deep elf archer gestures at you while chanting.
Your ball python appears confused.
The deep elf archer unwields an uncursed dagger.
The deep elf archer wields an uncursed longbow.
The deep elf archer shoots an arrow.
The arrow hits you!!
You see here an arrow.
The deep elf archer shoots an arrow.
The arrow hits you!!
* * * LOW HITPOINT WARNING * * *
There is a stone staircase leading up, spattered with blood here.
You see here an arrow.
The deep elf archer shoots an arrow.
The arrow hits you!!
You die...

#......(#..##.##....#..##.#
#.......##..## #⌠.⌠.#.###.#
#......(##...#####'##..##.#
#.......##(.((............#
#....>....(e###.####.######
####.##.###.# #......#
#.##.##..###.######
#.##.##......#
#.....(@.....#
####.......### #########


You could see a deep elf archer.

Vanquished Creatures
  A stone giant (D:10)
  A two-headed ogre (D:10)
  A cyclops (D:10)
  A centaur zombie (D:10)
  Psyche (D:9)
  A gargoyle (D:10)
  A troll (D:8)
  A hippogriff (D:9)
  Sigmund (D:2)
  11 yaks
  A hungry ghost (D:8)
  3 soldier ants
  A water moccasin (D:8)
  5 orc warriors
  3 sky beasts
  2 black bears
  2 ice beasts
  A necrophage (D:7)
  6 ogres
  2 phantoms
  A centaur (D:10)
  2 crocodiles (D:8)
  4 bullfrogs
  2 scorpions
  13 killer bees
  3 howler monkeys (D:10)
  3 crimson imps
  A bullfrog skeleton (D:6)
  A gnoll shaman (D:4)
  10 orc priests
  2 hounds
  3 jellies
  2 centaur skeletons
  Terence (D:3)
  8 orc wizards
  10 worker ants
  An iguana (D:6)
  A hound zombie (D:10)
  A howler monkey zombie (D:5)
  2 worker ant zombies
  8 gnolls
  12 adders
  A river rat (D:3)
  3 shadow imps
  An adder zombie (D:9)
  3 worms
  2 dart slugs
  4 leopard geckos
  43 orcs
  11 ball pythons
  7 bats
  6 giant cockroaches
  13 goblins
  6 hobgoblins
  13 jackals
  4 quokkas
  8 frilled lizards
  11 kobolds
  A quokka skeleton (D:5)
  8 rats
  A plant (Sewer)
283 creatures vanquished.

Vanquished Creatures (collateral kills)
  A troll (D:9)
1 creature vanquished.

Vanquished Creatures (others)
  3 fungi (D:8)
3 creatures vanquished.

Grand Total: 287 creatures vanquished

Notes
Turn   | Place    | Note
-------+----------+-------------------------------------------
     0 | D:1      | VirginKiller the Demigod Skald began the quest for the Orb.
     0 | D:1      | Reached XP level 1. HP: 17/17 MP: 5/5
   102 | D:1      | Reached skill level 2 in Unarmed Combat
   326 | D:1      | Reached XP level 2. HP: 21/24 MP: 1/7
   753 | D:1      | Learned a level 2 spell: Song of Slaying
   922 | D:2      | Reached skill level 3 in Unarmed Combat
   922 | D:2      | Reached XP level 3. HP: 26/29 MP: 2/8
   926 | D:2      | Learned a level 2 spell: Shroud of Golubria
  1365 | D:2      | Noticed Sigmund
  1651 | D:3      | Reached XP level 4. HP: 36/36 MP: 0/9
  1677 | D:3      | Noticed Terence
  1683 | D:3      | Killed Terence
  1735 | D:3      | Reached skill level 4 in Unarmed Combat
  1737 | D:3      | Reached XP level 5. HP: 14/41 MP: 1/10
  1751 | D:3      | Noticed a dagger
  1753 | D:3      | Found a hide-covered altar of Uskayaw.
  1753 | D:3      | Noticed an enchanted hand axe
  1860 | D:3      | Found a glowing drain.
  1864 | Sewer    | Entered a sewer
  3204 | D:3      | Noticed an ogre
  3232 | D:3      | Killed an ogre
  3232 | D:3      | Reached skill level 5 in Unarmed Combat
  3232 | D:3      | Reached XP level 6. HP: 37/48 MP: 7/11
  3266 | D:3      | Learned a level 3 spell: Regeneration
  4171 | D:4      | Reached skill level 6 in Unarmed Combat
  4278 | D:2      | Killed Sigmund
  4278 | D:2      | Reached skill level 5 in Charms
  4278 | D:2      | Reached XP level 7. HP: 53/53 MP: 2/12
  4334 | D:5      | Entered Level 5 of the Dungeon
  4425 | D:5      | Learned a level 1 spell: Beastly Appendage
  4519 | D:5      | Reached skill level 7 in Unarmed Combat
  4790 | D:5      | Found an opulent altar of Gozag.
  5053 | D:6      | Found a burning altar of Makhleb.
  5191 | D:6      | Reached XP level 8. HP: 60/60 MP: 4/13
  5493 | D:7      | Found a snail-covered altar of Cheibriados.
  5493 | D:7      | Found a shadowy altar of Dithmenos.
  5493 | D:7      | Found a glowing golden altar of the Shining One.
  5501 | D:7      | Found a hazy altar of Hepliaklqana.
  5501 | D:7      | Found a white marble altar of Elyvilon.
  5504 | D:7      | Found a basalt altar of Yredelemnul.
  5504 | D:7      | Found a sacrificial altar of Ru.
  5505 | D:7      | Found an iron altar of Okawaru.
  5569 | D:7      | Found a staircase to the Ecumenical Temple.
  5593 | D:7      | Reached skill level 8 in Unarmed Combat
  5794 | D:7      | Learned a level 2 spell: Sticks to Snakes
  5803 | D:7      | Found a stormy altar of Qazlal.
  6195 | D:8      | Reached skill level 9 in Unarmed Combat
  6306 | D:8      | Noticed a troll
  6342 | D:8      | HP: 1/90 [troll (8)]
  6343 | D:8      | Killed a troll
  6343 | D:8      | Reached XP level 9. HP: 1/67 MP: 15/19
  6563 | D:8      | Reached skill level 5 in Spellcasting
  6747 | D:8      | Reached skill level 10 in Unarmed Combat
  6880 | D:8      | Found a staircase to the Lair.
  7225 | D:9      | Reached skill level 11 in Unarmed Combat
  7306 | D:9      | Reached XP level 10. HP: 73/73 MP: 0/21
  7393 | D:9      | Found Didotah's Food Emporium.
  7409 | D:9      | Found Qefaum's Jewellery Shoppe.
  7572 | D:9      | Noticed Psyche
  7585 | D:9      | Cast into level 1 of the Abyss (Psyche)
  7616 | Abyss:1  | Found a corrupted altar of Lugonu.
  7632 | D:9      | Escaped the Abyss
  7636 | D:9      | Killed Psyche
  7636 | D:9      | Reached skill level 12 in Unarmed Combat
  7814 | D:9      | Found Xuepruenk's Weapon Shoppe.
  7824 | D:9      | Bought a +0 blowgun for 35 gold pieces
  7839 | D:9      | Found Wattag's Elemental Accessories.
  8063 | D:10     | Entered Level 10 of the Dungeon
  8185 | D:10     | Noticed a two-headed ogre
  8200 | D:10     | Killed a two-headed ogre
  8200 | D:10     | Reached skill level 13 in Unarmed Combat
  8257 | D:10     | Found Yqoacw's Jewellery Boutique.
  8359 | D:10     | Noticed a deep elf archer
  8360 | D:10     | Noticed a stone giant
  8820 | D:10     | Noticed a cyclops
  8821 | D:10     | Killed a stone giant
  8821 | D:10     | Reached skill level 14 in Unarmed Combat
  8821 | D:10     | Reached XP level 11. HP: 66/79 MP: 22/22
  8834 | D:10     | Found a glowing golden altar of the Shining One.
  8854 | D:10     | Found a white marble altar of Elyvilon.
  8918 | D:10     | Shot with an arrow by a deep elf archer

Skill      XL: |  1  2  3  4  5  6  7  8  9 10 |
---------------+-------------------------------+-----
Unarmed Combat | 2 3 4 5 6 7 9 11 14 | 14.2
Charms         | 3 4 5 6 |  6.0
Spellcasting   | 4 5 |  5.0
Fighting       | |  1.7
Armour         | |  0.8
Dodging        | |  1.7

Action                   |  1- 3 |  4- 6 |  7- 9 | 10-12 || total
-------------------------+-------+-------+-------+-------++-------
Melee: Unarmed           |   131 |   295 |   389 |   214 ||  1029
       Punch             |       |     6 |    20 |    26 ||    52
       Headbutt          |       |       |    16 |       ||    16
 Fire: Blowgun           |       |       |       |     8 ||     8
Throw: Javelin           |       |    15 |     1 |       ||    16
       Tomahawk          |       |     3 |       |       ||     3
       Throwing net      |       |       |     1 |       ||     1
 Cast: Infusion          |    21 |    27 |    34 |    19 ||   101
       Song of Slaying   |     1 |     4 |     6 |     5 ||    16
       Shroud of Golubri |     4 |     7 |    20 |    10 ||    41
       Regeneration      |       |     1 |     9 |    15 ||    25
       Beastly Appendage |       |       |    15 |       ||    15
       Sticks to Snakes  |       |       |     3 |    15 ||    18
Evoke: Wand              |       |       |     1 |     4 ||     5
  Use: Potion            |       |     7 |     7 |     2 ||    16
       Scroll            |       |     1 |     5 |    11 ||    17
 Stab: Sleeping          |       |     1 |       |     1 ||     2
  Eat: Chunk             |     3 |    11 |    13 |     6 ||    33
       Fruit             |       |       |     3 |       ||     3
Armor: Leather armour    |    24 |    46 |    90 |    51 ||   211
       Skin              |       |     5 |     7 |     5 ||    17
Dodge: Dodged            |    82 |   133 |   202 |    97 ||   514
